 Dungeon Crawl Stone Soup version 0.16.1-4-g8e1b745 (console) character file.

40 gw the Ducker (level 3, -6/21 HPs)
             Began as a Deep Elf Artificer on Mar 27, 2015.
             Was an Initiate of Nemelex Xobeh.
             Mangled by a worm (9 damage)
             ... on level 2 of the Dungeon.
             The game lasted 00:01:32 (1550 turns).

gw the Ducker (Deep Elf Artificer)                  Turns: 1550, Time: 00:01:32

Health: -6/21      AC:  5    Str:  8    XL:     3   Next: 30%
Magic:  7/7        EV: 11    Int: 16    God:    Nemelex Xobeh [......]
Gold:   66         SH:  0    Dex: 16    Spells: 0 memorised, 2 levels left

rFire  . . .     SeeInvis .     a - +0 short sword
rCold  . . .     Clarity  .     k - +0 ring mail
rNeg   . . .     SustAb   .     (no shield)
rPois  .         Gourm    .     (no helmet)
rElec  .         Spirit   .     (no cloak)
rCorr  .         Warding  .     (no gloves)
rMut   .         Stasis   .     (no boots)
MR     .....                    (no amulet)
Stlth  +.........               (no ring)
                                (no ring)

@: not resistant to hostile enchantments, very unstealthy
A: no striking features
a: Renounce Religion


You were on level 2 of the Dungeon.
You worshipped Nemelex Xobeh.
Nemelex Xobeh was noncommittal.
You were not hungry.

You visited 1 branch of the dungeon, and saw 2 of its levels.

You collected 66 gold pieces.

Inventory:

Hand weapons
 a - a +0 short sword (weapon)
Missiles
 e - 9 arrows of flame
Armour
 k - a +0 ring mail (worn)
Magical devices
 b - a wand of flame (10)
 c - a wand of enslavement (15)
 d - a wand of random effects (10)
Comestibles
 f - a bread ration


   Skills:
 + Level 1.9 Fighting
 - Level 1.0 Short Blades
 + Level 3.7 Dodging
 - Level 1.2 Stealth
 * Level 3.2 Evocations


You had 2 spell levels left.
You didn't know any spells.

Dungeon Overview and Level Annotations

Branches:
Dungeon (2/15)

Altars:
Nemelex Xobeh


Message History

The puff of frost hits the worm.
The worm is moderately wounded.
This wand has 10 charges left.
The worm barely misses you.
Unknown command.
Unknown command.
Unknown command.
Unknown command.
ATTACKING (0,1)
You hit the worm.
The worm is moderately wounded.
Unknown command.
Unknown command.
Unknown command.
Unknown command.
ATTACKING (0,1)
You hit the worm.
The worm is heavily wounded.
The worm bites you!
You die...
Your body disappears without a glow.

#. #.....#
###...######....###
.........%......'>#
############....##########
#..............
#<...)########. ##....#
##'#.# #.#e# #+#w# ...
..... ....... .....!...
#..(......# ......... ###


You could see a worm.

Table legend:
 A = Turns spent in this place as a percentage of turns spent in the entire game.
 B = Non-inter-level travel turns spent in this place as a percentage of non-inter-level travel turns spent in the entire game.
 C = Inter-level travel turns spent in this place as a percentage of turns spent in this place.
 D = Turns resting spent in this place as a percentage of non-inter-level travel turns spent in this place.
 E = Turns spent auto-exploring this place as a percentage of non-inter-level travel turns spent in this place.
 F = Non-inter-level travel turns spent in this place divided by the number of levels of this place that you've seen.
                   A       B       C       D       E      F
               +-------+-------+-------+-------+-------+----------------------
         Total | 100.0 | 100.0 |   0.3 |   1.5 |   2.1 | 1080.0
       Dungeon | 100.0 | 100.0 |   0.3 |   1.5 |   2.1 | 1080.0
               +-------+-------+-------+-------+-------+----------------------

Table legend:
 A = Kills in this place as a percentage of kills in entire the game.
 B = Kills by you in this place as a percentage of kills by you in the entire game.
 C = Kills by friends in this place as a percentage of kills by friends in the entire game.
 D = Other kills in this place as a percentage of other kills in the entire game.
 E = Experience gained in this place as a percentage of experience gained in the entire game.
 F = Experience gained in this place divided by the number of levels of this place that you have seen.
                   A       B       C       D       E      F
               +-------+-------+-------+-------+-------+----------------------
         Total | 100.0 | 100.0 |  -nan |  -nan | 100.0 |  29.0
       Dungeon | 100.0 | 100.0 |  -nan |  -nan | 100.0 |  29.0
               +-------+-------+-------+-------+-------+----------------------

Vanquished Creatures
  An adder (D:1)
  A giant gecko (D:1)
  An ooze (D:1)
  6 bats
  A giant cockroach (D:1)
  3 goblins
  3 hobgoblins
  3 kobolds (D:1)
  A ball python (D:1)
  2 giant newts (D:1)
  5 rats
27 creatures vanquished.

Notes
Turn   | Place    | Note
--------------------------------------------------------------
     0 | D:1      | gw, the Deep Elf Artificer, began the quest for the Orb.
     0 | D:1      | Reached XP level 1. HP: 11/11 MP: 2/2
    48 | D:1      | Reached skill level 1 in Fighting
   282 | D:1      | Reached XP level 2. HP: 6/16 MP: 5/5
   946 | D:1      | Reached XP level 3. HP: 11/21 MP: 7/7
  1479 | D:2      | Found a sparkling altar of Nemelex Xobeh.
  1520 | D:2      | Became a worshipper of Nemelex Xobeh the Trickster
  1550 | D:2      | Mangled by a worm

Action                   || total
-------------------------++-------
Melee: Short sword       ||    97
Evoke: Wand              ||    10
  Use: Scroll            ||     4
       Potion            ||     1
  Eat: Chunk             ||     2

Vault maps used:
D:1:      mrwooster_arrival_statue_3
D:2:      nemelex_xobeh_ov_fountains_minmay, first_bread
